Staline vs Inferno
Created - January 6, 2018 at 19:52
Goals
|
| Staline |
2 |
1 |
2 |
5 |
| Inferno |
1 |
0 |
0 |
1 |
|
Shots
|
| Staline |
17 |
12 |
13 |
42 |
| Inferno |
7 |
12 |
7 |
26 |
|
1st period
1. Staline , Marek Zagrapan 6 (Dustin Kohn 32) at 14:24
2. Staline , Lars Eller 13 (Jeff Skinner 17) at 15:52
3. Inferno , David Ullstrom 14 (Vladimir Sobotka 21) at 17:00
Penalties :
Andrey Pedan (StJ) for Hooking (Minor) at 3:45, Dustin Kohn (StJ) for Hooking (Minor) at 8:50, Stu Bickel (StJ) for Diving (Minor) at 17:31
2nd period
4. Staline , Jeff Skinner 19 (Lars Eller 31, Tyler Pitlick 17) at 12:37 (PP)
Penalties :
David Desharnais (StJ) for Goalie Interference (Minor) at 9:26, Christian Folin (Anc) for Hooking (Minor) at 12:08, Danny Kristo (StJ) for Cross-checking (Minor) at 19:54
3rd period
5. Staline , Danny Kristo 9 (Marek Zagrapan 8, Corey Trivino 14) at 6:34
6. Staline , Bryan Bickell 6 (Danny Kristo 5, Viktor Loov 5) at 8:10
Penalties :
Viktor Loov (StJ) for Roughing (Minor) at 3:30, Cal O'Reilly (Anc) for Holding Stick (Minor) at 8:13, David Savard (Anc) for Tripping (Minor) at 15:48
Goalie Stats
Allen York (StJ), 25 saves from 26 shots - (0.962), W, 16-5-3, 60:00 minutes
Michael Hutchinson (Anc), 37 saves from 42 shots - (0.881), L, 11-9-2, 60:00 minutes
Players Stats for Staline
Player Name G A P +/- PIM S H SB GA TA FO MP PP MP PK MP
------------------------------------------------------------------------------------
Andrey Pedan 0 0 0 0 2 0 0 0 0 0 0/0 5:54 0:00 0:31
Barclay Goodrow 0 0 0 0 0 1 1 0 0 0 0/0 6:39 0:00 0:00
Brandon Burlon 0 0 0 1 0 2 1 0 1 1 0/0 18:52 1:15 4:55
Bryan Bickell 1 0 1 3 0 5 3 0 0 0 1/2 12:28 0:00 2:41
Charles Hudon 0 0 0 0 0 0 0 0 0 0 0/0 0:47 0:27 0:00
Corey Trivino 0 1 1 0 0 1 1 0 0 0 1/3 6:39 0:00 0:00
Danny Kristo 1 1 2 3 2 3 1 0 0 0 0/0 9:41 0:00 0:00
David Desharnais 0 0 0 -1 2 6 0 0 1 0 7/17 18:24 1:25 5:19
Dustin Kohn 0 1 1 0 2 4 0 1 2 0 0/0 24:50 3:12 5:43
James Sheppard 0 0 0 -1 0 0 0 0 0 0 2/2 12:36 1:25 0:00
Jeff Skinner 1 1 2 1 0 4 2 0 1 0 1/1 18:36 3:02 0:06
Jiri Sekac 0 0 0 0 0 0 1 0 0 0 1/1 6:39 0:00 0:00
Jordan Caron 0 0 0 -1 0 1 1 0 1 1 1/1 15:38 1:25 2:56
Lars Eller 1 1 2 1 0 4 3 2 1 0 9/18 14:45 0:29 3:58
Marek Zagrapan 1 1 2 3 0 3 0 0 1 0 5/7 13:40 0:00 3:25
Mike Reilly 0 0 0 2 0 0 1 0 0 0 0/0 12:11 0:00 1:55
Nikita Nesterov 0 0 0 0 0 0 0 1 0 0 0/0 4:45 0:00 0:00
Peter Holland 0 0 0 0 0 2 0 1 0 0 3/10 9:23 2:06 2:27
Philip Larsen 0 0 0 1 0 1 0 1 1 0 0/0 18:52 1:15 4:55
Stu Bickel 0 0 0 0 2 5 1 0 0 0 0/0 24:37 3:12 5:49
Tyler Pitlick 0 1 1 1 0 0 2 1 2 0 2/2 21:32 3:02 2:56
Viktor Loov 0 1 1 2 2 0 0 0 0 0 0/0 10:32 0:00 0:00
Players Stats for Inferno
Player Name G A P +/- PIM S H SB GA TA FO MP PP MP PK MP
------------------------------------------------------------------------------------
Anders Lee 0 0 0 -2 0 2 3 0 1 1 6/14 18:12 6:23 1:20
Cal O'Reilly 0 0 0 0 2 2 1 0 1 1 7/14 12:37 0:37 0:00
Christian Folin 0 0 0 -3 2 0 0 1 0 4 0/0 20:16 4:56 0:00
Colby Robak 0 0 0 0 0 2 2 2 0 1 0/0 28:26 6:55 3:06
David Savard 0 0 0 -3 2 0 1 1 0 2 0/0 21:10 4:56 0:29
David Ullstrom 1 0 1 1 0 5 2 0 0 0 0/1 23:38 6:20 2:31
Esa Lindell 0 0 0 -2 0 1 0 0 0 0 0/0 9:45 0:03 0:31
Kyle Palmieri 0 0 0 0 0 2 1 0 0 0 1/1 17:22 6:10 0:00
Matthew Nieto 0 0 0 -2 0 4 0 0 0 0 0/0 11:50 1:06 1:46
Ryan Spooner 0 0 0 -2 0 1 0 0 0 0 0/0 8:54 0:04 0:00
Sami Vatanen 0 0 0 0 0 2 1 3 0 0 0/0 27:14 6:55 3:06
Simon Danis-Pepin 0 0 0 0 0 0 0 0 0 1 0/0 11:17 0:03 1:21
Tanner Pearson 0 0 0 0 0 2 2 0 0 0 1/1 21:09 4:28 0:19
Tyler Shattock 0 0 0 -2 0 1 0 0 0 0 0/0 11:18 2:04 0:00
Victor Rask 0 0 0 -2 0 0 1 0 0 0 2/4 13:37 5:31 0:00
Vladimir Sobotka 0 1 1 1 0 2 2 2 0 1 14/29 18:14 0:00 2:58
Vladimir Zharkov 0 0 0 1 0 0 3 1 0 0 0/0 9:34 2:59 0:00
Zach Redmond 0 0 0 0 0 0 0 0 0 0 0/0 10:57 0:00 0:21
3 Stars
1 - Marek Zagrapan (StJ)
2 - Lars Eller (StJ)
3 - Bryan Bickell (StJ)
Power Play
Staline - 1 on 3 Attempt(s) - 33.33%
Inferno - 0 on 6 Attempt(s) - 0.00%
Penalty Kill
Staline - 6 on 6 Attempt(s) - 100.00%
- Score 0 goal in Penalty Kill
Inferno - 2 on 3 Attempt(s) - 66.67%
- Score 0 goal in Penalty Kill
Team Stat
Staline - Hits : 18 - Faceoff Wins : 33 - Blocked Shots : 7 - Penalty Minutes : 12
Inferno - Hits : 19 - Faceoff Wins : 31 - Blocked Shots : 10 - Penalty Minutes : 6
Official
Referees : Hasenfratz Mike and Joannette Marc
Linesman : Pierre Champoux and Lonnie Cameron
Game Notes
Vladimir Zharkov is injured at 1:44 of 2nd period (Bruised Right Shoulder)
Lars Eller is injured at 14:49 of 2nd period (Bruised Left Foot)
Finance
Level 1 -- Attendance: 1586 (79.30%) -- Ticket Income $63,440
Level 2 -- Attendance: 730 (73.00%) -- Ticket Income $14,600
Total Attendance: 2316 (77.20%)
Total Ticket Income: $78,040
Other Income: $3,902
Total Income: $81,942
Staline
5 vs 5 Forward
Center Left Wing Right Wing Time % Phy DF OF
1 Lars Eller Jeff Skinner Tyler Pitlick 40 1 2 2
2 David Desharnais James Sheppard Jordan Caron 30 1 2 2
3 Marek Zagrapan Bryan Bickell Danny Kristo 20 1 2 2
4 Corey Trivino Jiri Sekac Barclay Goodrow 10 1 2 2
5 vs 5 Defense
Defense Defense Time % Phy DF OF
1 Stu Bickel Dustin Kohn 40 1 2 2
2 Brandon Burlon Philip Larsen 30 1 2 2
3 Viktor Loov Mike Reilly 20 1 2 2
4 Andrey Pedan Nikita Nesterov 10 1 2 2
PowerPlay Forward
Center Left Wing Right Wing Time % Phy DF OF
1 Lars Eller Jeff Skinner Tyler Pitlick 60 1 2 2
2 David Desharnais James Sheppard Jordan Caron 40 1 2 2
PowerPlay Defense
Defense Defense Time % Phy DF OF
1 Stu Bickel Dustin Kohn 60 1 2 2
2 Brandon Burlon Philip Larsen 40 1 2 2
Penalty Kill 4 Players Forward
Center Wing Time % Phy DF OF
1 Lars Eller David Desharnais 60 1 2 2
2 Tyler Pitlick Jordan Caron 40 1 2 2
Penalty Kill 4 Players Defense
Defense Defense Time % Phy DF OF
1 Stu Bickel Dustin Kohn 60 1 2 2
2 Brandon Burlon Philip Larsen 40 1 2 2
Penalty Kill - 3 Players Forward
Forward Time % Phy DF OF
1 Lars Eller 60 1 2 2
2 David Desharnais 40 1 2 2
Penalty Kill - 3 Players Defense
Defense Defense Time % Phy DF OF
1 Stu Bickel Dustin Kohn 60 1 2 2
2 Brandon Burlon Philip Larsen 40 1 2 2
4 vs 4 Forward
Center Wing Time % Phy DF OF
1 Lars Eller David Desharnais 60 1 2 2
2 Tyler Pitlick Jordan Caron 40 1 2 2
4 vs 4 Defense
Defense Defense Time % Phy DF OF
1 Stu Bickel Dustin Kohn 60 1 2 2
2 Brandon Burlon Philip Larsen 40 1 2 2
Last Minutes Offensive
Center Left Wing Right Wing Defense Defense
Lars Eller Jeff Skinner Tyler Pitlick Stu Bickel Dustin Kohn
Last Minutes Defensive
Center Left Wing Right Wing Defense Defense
Lars Eller Jeff Skinner Tyler Pitlick Stu Bickel Dustin Kohn
Goaltenders
Starting : Allen York
Backup : Darcy Kuemper
Extra Forwards
Normal : Peter Holland, Charles Hudon, Marek Zagrapan - PP : Peter Holland, Charles Hudon - PK : Marek Zagrapan
Extra Defensemen
Normal : Viktor Loov, Mike Reilly, Andrey Pedan - PP : Viktor Loov - PK : Mike Reilly, Andrey Pedan
Penalty Shots
Lars Eller, David Desharnais, Tyler Pitlick, Jordan Caron, Jeff Skinner
Scratches
David Musil (Left Foot Injury), Joni Ortio (Healthy), Sean Maguire (Healthy)
Inferno
5 vs 5 Forward
Center Left Wing Right Wing Time % Phy DF OF
1 Vladimir Sobotka David Ullstrom Vladimir Zharkov 40 1 2 2
2 Cal O'Reilly Tanner Pearson Kyle Palmieri 30 1 2 2
3 Anders Lee Esa Lindell Tyler Shattock 20 1 2 2
4 Victor Rask Matthew Nieto Ryan Spooner 10 1 2 2
5 vs 5 Defense
Defense Defense Time % Phy DF OF
1 Colby Robak Sami Vatanen 40 1 2 2
2 Christian Folin David Savard 30 1 2 2
3 Simon Danis-Pepin Zach Redmond 20 1 2 2
4 Colby Robak Zach Redmond 10 1 2 2
PowerPlay Forward
Center Left Wing Right Wing Time % Phy DF OF
1 Anders Lee David Ullstrom Vladimir Zharkov 60 1 2 2
2 Victor Rask Tanner Pearson Kyle Palmieri 40 1 2 2
PowerPlay Defense
Defense Defense Time % Phy DF OF
1 Colby Robak Sami Vatanen 60 1 2 2
2 Christian Folin David Savard 40 1 2 2
Penalty Kill 4 Players Forward
Center Wing Time % Phy DF OF
1 Vladimir Sobotka Vladimir Zharkov 60 1 2 2
2 Cal O'Reilly David Ullstrom 40 1 2 2
Penalty Kill 4 Players Defense
Defense Defense Time % Phy DF OF
1 Colby Robak Sami Vatanen 60 1 2 2
2 Simon Danis-Pepin David Savard 40 1 2 2
Penalty Kill - 3 Players Forward
Forward Time % Phy DF OF
1 Vladimir Sobotka 60 1 2 2
2 David Ullstrom 40 1 2 2
Penalty Kill - 3 Players Defense
Defense Defense Time % Phy DF OF
1 Colby Robak Sami Vatanen 60 1 2 2
2 Simon Danis-Pepin David Savard 40 1 2 2
4 vs 4 Forward
Center Wing Time % Phy DF OF
1 Vladimir Sobotka Vladimir Zharkov 60 1 2 2
2 Cal O'Reilly David Ullstrom 40 1 2 2
4 vs 4 Defense
Defense Defense Time % Phy DF OF
1 Colby Robak Sami Vatanen 60 1 2 2
2 Christian Folin David Savard 40 1 2 2
Last Minutes Offensive
Center Left Wing Right Wing Defense Defense
Vladimir Sobotka David Ullstrom Vladimir Zharkov Colby Robak Sami Vatanen
Last Minutes Defensive
Center Left Wing Right Wing Defense Defense
Vladimir Sobotka David Ullstrom Vladimir Zharkov Colby Robak Sami Vatanen
Goaltenders
Starting : Michael Hutchinson
Backup : Christopher Gibson
Extra Forwards
Normal : Tanner Pearson, Anders Lee, Kyle Palmieri - PP : Kyle Palmieri, Victor Rask - PK : David Ullstrom
Extra Defensemen
Normal : Simon Danis-Pepin, Esa Lindell, Christian Folin - PP : Christian Folin - PK : Simon Danis-Pepin, Zach Redmond
Penalty Shots
Victor Rask, Vladimir Zharkov, Tanner Pearson, Kyle Palmieri, Anders Lee
Scratches
Chris Brown (Healthy), Frank Corrado (Healthy), Joakim Nordstrom (Healthy), Trevor Carrick (Healthy), Petteri Lindbohm (Healthy)
Daniil Tarasov (Healthy), Branden Troock (Healthy), Matt Kassian (Healthy), Luca Sbisa (Healthy), Mathieu Brodeur (Healthy)
Nathan Lieuwen (Healthy)
% Time on Ice - Staline
Lines # - Real PCT - Wanted PCT - Time Play
Normal Forward
1 - 37% - 40% - 16:02
2 - 26% - 30% - 11:17
3 - 22% - 20% - 9:41
4 - 15% - 10% - 6:39
Normal Defense
1 - 37% - 40% - 15:56
2 - 29% - 30% - 12:42
3 - 24% - 20% - 10:16
4 - 11% - 10% - 4:45
PP Forward
1 - 68% - 60% - 3:02
2 - 32% - 40% - 1:25
PP Defense
1 - 72% - 60% - 3:12
2 - 28% - 40% - 1:15
PK Forward
1 - 75% - 60% - 8:58
2 - 25% - 40% - 2:56
PK Defense
1 - 59% - 60% - 6:59
2 - 41% - 40% - 4:55
PK3 Forward
1 - 0% - 60%
2 - 0% - 40%
PK3 Defense
1 - 0% - 60%
2 - 0% - 40%
44 Forward
1 - 0% - 60%
2 - 0% - 40%
44 Defense
1 - 0% - 60%
2 - 0% - 40%
Last Minute Offensive - 0:00
Last Minute Defensive - 0:00
Total
Forward - 60:00
Defense - 60:00
|
% Time on Ice - Inferno
Lines # - Real PCT - Wanted PCT - Time Play
Normal Forward
1 - 37% - 40% - 15:56
2 - 23% - 30% - 10:15
3 - 20% - 20% - 8:42
4 - 20% - 10% - 8:46
Normal Defense
1 - 41% - 40% - 17:42
2 - 35% - 30% - 15:21
3 - 22% - 20% - 9:24
4 - 3% - 10% - 1:12
PP Forward
1 - 62% - 60% - 7:26
2 - 38% - 40% - 4:28
PP Defense
1 - 59% - 60% - 6:58
2 - 41% - 40% - 4:56
PK Forward
1 - 100% - 60% - 4:27
2 - 0% - 40% - 0:00
PK Defense
1 - 70% - 60% - 3:06
2 - 30% - 40% - 1:21
PK3 Forward
1 - 0% - 60%
2 - 0% - 40%
PK3 Defense
1 - 0% - 60%
2 - 0% - 40%
44 Forward
1 - 0% - 60%
2 - 0% - 40%
44 Defense
1 - 0% - 60%
2 - 0% - 40%
Last Minute Offensive - 0:00
Last Minute Defensive - 0:00
Total
Forward - 60:00
Defense - 60:00
|
Play by Play
1st period
0:01 of 1st period - Vladimir Sobotka wins face-off versus Lars Eller in neutral zone.
0:46 of 1st period - Wrist shot by Bryan Bickell.
0:46 of 1st period - Stopped by Michael Hutchinson with a rebound.
1:15 of 1st period - Slapshot by Brandon Burlon.
1:15 of 1st period - Stopped by Michael Hutchinson with a rebound.
1:33 of 1st period - Snap shot by Kyle Palmieri.
1:33 of 1st period - Deflect By Tanner Pearson.
1:33 of 1st period - Stopped by Allen York without a rebound.
1:34 of 1st period - Lars Eller wins face-off versus Cal O'Reilly in Staline zone.
1:47 of 1st period - Slapshot by Kyle Palmieri.
1:47 of 1st period - Stopped by Allen York without a rebound.
1:48 of 1st period - Vladimir Sobotka wins face-off versus David Desharnais in Staline zone.
2:21 of 1st period - Off-side.
2:22 of 1st period - Kyle Palmieri wins face-off versus Lars Eller in neutral zone.
2:50 of 1st period - Off-side.
2:51 of 1st period - Marek Zagrapan wins face-off versus Vladimir Sobotka in neutral zone.
2:54 of 1st period - Vladimir Zharkov is hit by Danny Kristo and loses puck.
3:01 of 1st period - Snap shot by Marek Zagrapan.
3:01 of 1st period - Shot Hit the Post.
3:03 of 1st period - Slapshot by Andrey Pedan.
3:03 of 1st period - Shot Blocked by Vladimir Zharkov.
3:05 of 1st period - Wrist shot by Danny Kristo.
3:05 of 1st period - Shot Blocked by Christian Folin.
3:24 of 1st period - Snap shot by Vladimir Sobotka.
3:24 of 1st period - Stopped by Allen York with a rebound.
3:36 of 1st period - Snap shot by Vladimir Sobotka.
3:36 of 1st period - Stopped by Allen York with a rebound.
3:38 of 1st period - Wrist shot by Colby Robak.
3:38 of 1st period - Shot Misses the Net.
3:45 of 1st period - Minor Penalty to Andrey Pedan for Hooking.
3:46 of 1st period - Victor Rask wins face-off versus Lars Eller in Staline zone.
5:45 of 1st period - Penalty to Andrey Pedan is over, Andrey Pedan is back on ice.
5:56 of 1st period - Corey Trivino is hit by Cal O'Reilly.
6:00 of 1st period - Slapshot by Viktor Loov.
6:00 of 1st period - Deflect By Barclay Goodrow.
6:00 of 1st period - Stopped by Michael Hutchinson with a rebound.
6:08 of 1st period - Jiri Sekac is hit by Colby Robak and loses puck.
6:28 of 1st period - Simon Danis-Pepin is hit by Mike Reilly and loses puck.
7:49 of 1st period - Wrist shot by Bryan Bickell.
7:49 of 1st period - Deflect By Christian Folin.
7:49 of 1st period - Stopped by Michael Hutchinson with a rebound.
8:05 of 1st period - Wrist shot by Lars Eller.
8:05 of 1st period - Stopped by Michael Hutchinson with a rebound.
8:11 of 1st period - Tyler Pitlick is hit by Vladimir Zharkov and loses puck.
8:50 of 1st period - Minor Penalty to Dustin Kohn for Hooking.
8:51 of 1st period - David Desharnais wins face-off versus Anders Lee in Staline zone.
9:00 of 1st period - Wrist shot by Lars Eller.
9:00 of 1st period - Stopped by Michael Hutchinson without a rebound.
9:01 of 1st period - Lars Eller wins face-off versus Anders Lee in Inferno zone.
9:04 of 1st period - Slapshot by Lars Eller.
9:04 of 1st period - Deflect By David Desharnais.
9:04 of 1st period - Stopped by Michael Hutchinson without a rebound.
9:05 of 1st period - Anders Lee wins face-off versus Lars Eller in Inferno zone.
9:46 of 1st period - David Desharnais is hit by Anders Lee.
10:50 of 1st period - Penalty to Dustin Kohn is over, Dustin Kohn is back on ice.
11:00 of 1st period - Snap shot by Dustin Kohn.
11:00 of 1st period - Stopped by Michael Hutchinson without a rebound.
11:01 of 1st period - Cal O'Reilly wins face-off versus Corey Trivino in Inferno zone.
11:32 of 1st period - Slapshot by Sami Vatanen.
11:32 of 1st period - Shot Misses the Net.
11:38 of 1st period - Backhand shot by Cal O'Reilly.
11:38 of 1st period - Shot Misses the Net.
12:14 of 1st period - Snap shot by David Desharnais.
12:14 of 1st period - Stopped by Michael Hutchinson with a rebound.
12:16 of 1st period - Snap shot by Jordan Caron.
12:16 of 1st period - Deflect By David Desharnais.
12:16 of 1st period - Shot Misses the Net.
12:16 of 1st period - Puck is out of play.
12:17 of 1st period - Jordan Caron wins face-off versus Vladimir Sobotka in Inferno zone.
12:32 of 1st period - Snap shot by David Desharnais.
12:32 of 1st period - Stopped by Michael Hutchinson without a rebound.
12:33 of 1st period - Tanner Pearson wins face-off versus Lars Eller in Inferno zone.
13:21 of 1st period - Snap shot by Esa Lindell.
13:21 of 1st period - Stopped by Allen York without a rebound.
13:22 of 1st period - Lars Eller wins face-off versus Anders Lee in Staline zone.
13:32 of 1st period - Off-side.
13:33 of 1st period - Vladimir Sobotka wins face-off versus Lars Eller in neutral zone.
14:24 of 1st period - Snap shot by Marek Zagrapan.
14:24 of 1st period - Goal by Marek Zagrapan - Staline : 1 - Inferno : 0.
14:25 of 1st period - Lars Eller wins face-off versus Vladimir Sobotka in neutral zone.
14:30 of 1st period - Snap shot by David Ullstrom.
14:30 of 1st period - Stopped by Allen York without a rebound.
14:31 of 1st period - Tyler Pitlick wins face-off versus Vladimir Sobotka in Staline zone.
14:31 of 1st period - Tyler Pitlick is hit by Vladimir Zharkov.
15:52 of 1st period - Snap shot by Jeff Skinner.
15:52 of 1st period - Deflect By Lars Eller.
15:52 of 1st period - Goal by Lars Eller - Staline : 2 - Inferno : 0.
15:53 of 1st period - David Desharnais wins face-off versus Vladimir Sobotka in neutral zone.
15:55 of 1st period - Off-side.
15:56 of 1st period - Vladimir Sobotka wins face-off versus David Desharnais in neutral zone.
16:03 of 1st period - Wrist shot by Vladimir Zharkov.
16:03 of 1st period - Shot Blocked by Dustin Kohn.
16:21 of 1st period - Slapshot by Dustin Kohn.
16:21 of 1st period - Deflect By Marek Zagrapan.
16:21 of 1st period - Stopped by Michael Hutchinson with a rebound.
16:23 of 1st period - Slapshot by Stu Bickel.
16:23 of 1st period - Stopped by Michael Hutchinson with a rebound.
16:25 of 1st period - Backhand shot by Marek Zagrapan.
16:25 of 1st period - Shot Misses the Net.
16:27 of 1st period - Slapshot by Stu Bickel.
16:27 of 1st period - Deflect By Marek Zagrapan.
16:27 of 1st period - Shot Hit the Post.
16:27 of 1st period - Puck is out of play.
16:28 of 1st period - Marek Zagrapan wins face-off versus Cal O'Reilly in Inferno zone.
16:37 of 1st period - Snap shot by Marek Zagrapan.
16:37 of 1st period - Stopped by Michael Hutchinson with a rebound.
16:53 of 1st period - James Sheppard is hit by Vladimir Sobotka and loses puck.
17:00 of 1st period - Wrist shot by David Ullstrom.
17:00 of 1st period - Goal by David Ullstrom - Staline : 2 - Inferno : 1.
17:01 of 1st period - Vladimir Sobotka wins face-off versus Lars Eller in neutral zone.
17:03 of 1st period - Off-side.
17:04 of 1st period - Lars Eller wins face-off versus Vladimir Sobotka in neutral zone.
17:09 of 1st period - Slapshot by Dustin Kohn.
17:09 of 1st period - Deflect By Colby Robak.
17:09 of 1st period - Stopped by Michael Hutchinson without a rebound.
17:10 of 1st period - Lars Eller wins face-off versus Vladimir Sobotka in Inferno zone.
17:11 of 1st period - Slapshot by Dustin Kohn.
17:11 of 1st period - Shot Blocked by Sami Vatanen.
17:13 of 1st period - Slapshot by Stu Bickel.
17:13 of 1st period - Stopped by Michael Hutchinson with a rebound.
17:15 of 1st period - Slapshot by Stu Bickel.
17:15 of 1st period - Shot Blocked by Vladimir Sobotka.
17:28 of 1st period - Sami Vatanen is hit by Lars Eller and loses puck.
17:31 of 1st period - Minor Penalty to Stu Bickel for Diving.
17:32 of 1st period - Anders Lee wins face-off versus Lars Eller in Staline zone.
17:57 of 1st period - Tyler Pitlick is hit by Sami Vatanen and loses puck.
18:10 of 1st period - Brandon Burlon is hit by Tanner Pearson and loses puck.
19:31 of 1st period - Penalty to Stu Bickel is over, Stu Bickel is back on ice.
Goals for this period are 2 for Staline vs 1 for Inferno.
Shots for this period are 17 for Staline vs 7 for Inferno.
2nd period
0:01 of 2nd period - David Desharnais wins face-off versus Cal O'Reilly in neutral zone.
0:35 of 2nd period - Snap shot by David Ullstrom.
0:35 of 2nd period - Shot Blocked by Philip Larsen.
0:41 of 2nd period - Tyler Pitlick is hit by Vladimir Zharkov and loses puck.
1:01 of 2nd period - David Ullstrom is hit by Lars Eller and loses puck.
1:28 of 2nd period - Snap shot by David Ullstrom.
1:28 of 2nd period - Shot Misses the Net.
1:43 of 2nd period - Vladimir Zharkov is hit by Tyler Pitlick and loses puck.
1:44 of 2nd period - Vladimir Zharkov from Inferno is injured at 1:44 of 2nd period (Bruised Right Shoulder).
1:45 of 2nd period - David Desharnais wins face-off versus Cal O'Reilly in Inferno zone.
1:58 of 2nd period - Slapshot by David Desharnais.
1:58 of 2nd period - Stopped by Michael Hutchinson with a rebound.
2:00 of 2nd period - Snap shot by James Sheppard.
2:00 of 2nd period - Shot Blocked by Sami Vatanen.
2:10 of 2nd period - Stu Bickel is hit by David Ullstrom and loses puck.
2:44 of 2nd period - Off-side.
2:45 of 2nd period - Cal O'Reilly wins face-off versus David Desharnais in neutral zone.
2:50 of 2nd period - Snap shot by Sami Vatanen.
2:50 of 2nd period - Stopped by Allen York without a rebound.
2:51 of 2nd period - David Desharnais wins face-off versus Cal O'Reilly in Staline zone.
3:04 of 2nd period - Slapshot by Jordan Caron.
3:04 of 2nd period - Stopped by Michael Hutchinson without a rebound.
3:05 of 2nd period - Vladimir Sobotka wins face-off versus David Desharnais in Inferno zone.
3:12 of 2nd period - Snap shot by David Ullstrom.
3:12 of 2nd period - Stopped by Allen York with a rebound.
3:14 of 2nd period - Wrist shot by Tanner Pearson.
3:14 of 2nd period - Stopped by Allen York with a rebound.
3:16 of 2nd period - Slapshot by Colby Robak.
3:16 of 2nd period - Stopped by Allen York without a rebound.
3:17 of 2nd period - Cal O'Reilly wins face-off versus David Desharnais in Staline zone.
4:05 of 2nd period - Wrist shot by Marek Zagrapan.
4:05 of 2nd period - Shot Misses the Net.
4:54 of 2nd period - James Sheppard is hit by David Ullstrom.
5:14 of 2nd period - Philip Larsen is hit by Victor Rask and loses puck.
5:29 of 2nd period - Brandon Burlon is hit by Tanner Pearson and loses puck.
5:46 of 2nd period - Wrist shot by Lars Eller.
5:46 of 2nd period - Stopped by Michael Hutchinson without a rebound.
5:47 of 2nd period - Anders Lee wins face-off versus Lars Eller in Inferno zone.
5:47 of 2nd period - Anders Lee is hit by Tyler Pitlick.
6:01 of 2nd period - Snap shot by Colby Robak.
6:01 of 2nd period - Stopped by Allen York without a rebound.
6:02 of 2nd period - David Desharnais wins face-off versus Cal O'Reilly in Staline zone.
6:33 of 2nd period - Vladimir Sobotka is hit by Lars Eller and loses puck.
6:50 of 2nd period - Slapshot by Mike Reilly.
6:50 of 2nd period - Shot Misses the Net.
7:14 of 2nd period - Kyle Palmieri is hit by Corey Trivino and loses puck.
7:28 of 2nd period - Icing by Andrey Pedan.
7:29 of 2nd period - Vladimir Sobotka wins face-off versus David Desharnais in Staline zone.
7:42 of 2nd period - James Sheppard is hit by Vladimir Sobotka.
7:59 of 2nd period - Slapshot by Cal O'Reilly.
7:59 of 2nd period - Stopped by Allen York with a rebound.
8:01 of 2nd period - Slapshot by Sami Vatanen.
8:01 of 2nd period - Shot Blocked by Tyler Pitlick.
8:03 of 2nd period - Wrist shot by Tanner Pearson.
8:03 of 2nd period - Shot Blocked by Lars Eller.
8:17 of 2nd period - Wrist shot by Matthew Nieto.
8:17 of 2nd period - Stopped by Allen York without a rebound.
8:18 of 2nd period - Bryan Bickell wins face-off versus Vladimir Sobotka in Staline zone.
8:25 of 2nd period - Snap shot by Bryan Bickell.
8:25 of 2nd period - Stopped by Michael Hutchinson without a rebound.
8:26 of 2nd period - Lars Eller wins face-off versus Vladimir Sobotka in Inferno zone.
9:13 of 2nd period - Mike Reilly is hit by David Savard.
9:21 of 2nd period - Wrist shot by Matthew Nieto.
9:21 of 2nd period - Stopped by Allen York without a rebound.
9:22 of 2nd period - Cal O'Reilly wins face-off versus David Desharnais in Staline zone.
9:26 of 2nd period - Minor Penalty to David Desharnais for Goalie Interference.
9:27 of 2nd period - Lars Eller wins face-off versus David Ullstrom in Staline zone.
10:14 of 2nd period - Philip Larsen is hit by Anders Lee and loses puck.
11:26 of 2nd period - Penalty to David Desharnais is over, David Desharnais is back on ice.
11:33 of 2nd period - Wrist shot by Brandon Burlon.
11:33 of 2nd period - Stopped by Michael Hutchinson without a rebound.
11:34 of 2nd period - Jiri Sekac wins face-off versus Vladimir Sobotka in Inferno zone.
12:08 of 2nd period - Minor Penalty to Christian Folin for Hooking.
12:09 of 2nd period - Tyler Pitlick wins face-off versus Vladimir Sobotka in Inferno zone.
12:23 of 2nd period - Slapshot by Stu Bickel.
12:23 of 2nd period - Stopped by Michael Hutchinson without a rebound.
12:24 of 2nd period - Lars Eller wins face-off versus Vladimir Sobotka in Inferno zone.
12:37 of 2nd period - Slapshot by Jeff Skinner.
12:37 of 2nd period - Goal by Jeff Skinner - Staline : 3 - Inferno : 1.
12:38 of 2nd period - David Desharnais wins face-off versus Cal O'Reilly in neutral zone.
12:49 of 2nd period - Wrist shot by David Desharnais.
12:49 of 2nd period - Shot Misses the Net.
12:51 of 2nd period - Wrist shot by Stu Bickel.
12:51 of 2nd period - Stopped by Michael Hutchinson with a rebound.
12:53 of 2nd period - Slapshot by Stu Bickel.
12:53 of 2nd period - Stopped by Michael Hutchinson with a rebound.
13:03 of 2nd period - Stu Bickel is hit by Anders Lee and loses puck.
13:08 of 2nd period - Snap shot by Vladimir Sobotka.
13:08 of 2nd period - Shot Misses the Net.
13:49 of 2nd period - Snap shot by Corey Trivino.
13:49 of 2nd period - Shot Misses the Net.
14:13 of 2nd period - Slapshot by Jordan Caron.
14:13 of 2nd period - Shot Blocked by Colby Robak.
14:15 of 2nd period - Slapshot by Jordan Caron.
14:15 of 2nd period - Shot Blocked by Colby Robak.
14:17 of 2nd period - Slapshot by James Sheppard.
14:17 of 2nd period - Shot Misses the Net.
14:49 of 2nd period - Slapshot by Colby Robak.
14:49 of 2nd period - Shot Blocked by Lars Eller.
14:49 of 2nd period - Lars Eller from Staline is injured at 14:49 of 2nd period (Bruised Left Foot).
14:50 of 2nd period - Jeff Skinner wins face-off versus Vladimir Sobotka in Staline zone.
14:55 of 2nd period - Slapshot by Vladimir Sobotka.
14:55 of 2nd period - Deflect By David Ullstrom.
14:55 of 2nd period - Stopped by Allen York without a rebound.
14:56 of 2nd period - Vladimir Sobotka wins face-off versus Peter Holland in Staline zone.
15:20 of 2nd period - Off-side.
15:21 of 2nd period - James Sheppard wins face-off versus Anders Lee in neutral zone.
15:46 of 2nd period - Vladimir Sobotka is hit by Jeff Skinner and loses puck.
16:30 of 2nd period - Snap shot by Anders Lee.
16:30 of 2nd period - Stopped by Allen York with a rebound.
16:32 of 2nd period - Snap shot by Tyler Shattock.
16:32 of 2nd period - Stopped by Allen York without a rebound.
16:33 of 2nd period - James Sheppard wins face-off versus Anders Lee in Staline zone.
17:04 of 2nd period - David Savard is hit by Bryan Bickell and loses puck.
17:44 of 2nd period - Snap shot by Kyle Palmieri.
17:44 of 2nd period - Shot Misses the Net.
17:46 of 2nd period - Snap shot by Cal O'Reilly.
17:46 of 2nd period - Shot Blocked by Nikita Nesterov.
17:48 of 2nd period - Slapshot by Kyle Palmieri.
17:48 of 2nd period - Stopped by Allen York with a rebound.
17:50 of 2nd period - Snap shot by Zach Redmond.
17:50 of 2nd period - Shot Misses the Net.
17:52 of 2nd period - Backhand shot by Simon Danis-Pepin.
17:52 of 2nd period - Shot Misses the Net.
18:39 of 2nd period - Snap shot by Corey Trivino.
18:39 of 2nd period - Stopped by Michael Hutchinson with a rebound.
19:26 of 2nd period - Slapshot by Danny Kristo.
19:26 of 2nd period - Stopped by Michael Hutchinson with a rebound.
19:28 of 2nd period - Backhand shot by Danny Kristo.
19:28 of 2nd period - Stopped by Michael Hutchinson without a rebound.
19:29 of 2nd period - Cal O'Reilly wins face-off versus Bryan Bickell in Inferno zone.
19:29 of 2nd period - Cal O'Reilly is hit by Bryan Bickell.
19:54 of 2nd period - Minor Penalty to Danny Kristo for Cross-checking.
19:55 of 2nd period - Marek Zagrapan wins face-off versus Anders Lee in Staline zone.
Goals for this period are 1 for Staline vs 0 for Inferno.
Shots for this period are 12 for Staline vs 12 for Inferno.
3rd period
0:01 of 3rd period - Marek Zagrapan wins face-off versus Anders Lee in neutral zone.
1:08 of 3rd period - Icing by Tyler Shattock.
1:09 of 3rd period - Peter Holland wins face-off versus Anders Lee in Inferno zone.
1:18 of 3rd period - Slapshot by Dustin Kohn.
1:18 of 3rd period - Deflect By Bryan Bickell.
1:18 of 3rd period - Stopped by Michael Hutchinson without a rebound.
1:19 of 3rd period - Victor Rask wins face-off versus Marek Zagrapan in Inferno zone.
1:28 of 3rd period - Snap shot by Kyle Palmieri.
1:28 of 3rd period - Shot Misses the Net.
1:30 of 3rd period - Slapshot by Colby Robak.
1:30 of 3rd period - Shot Misses the Net.
1:32 of 3rd period - Slapshot by Tanner Pearson.
1:32 of 3rd period - Shot Misses the Net.
1:54 of 3rd period - Penalty to Danny Kristo is over, Danny Kristo is back on ice.
2:15 of 3rd period - Slapshot by Dustin Kohn.
2:15 of 3rd period - Stopped by Michael Hutchinson with a rebound.
2:53 of 3rd period - Zach Redmond is hit by Jordan Caron and loses puck.
3:30 of 3rd period - Minor Penalty to Viktor Loov for Roughing.
3:31 of 3rd period - Marek Zagrapan wins face-off versus Victor Rask in Staline zone.
4:43 of 3rd period - Stu Bickel is hit by Kyle Palmieri and loses puck.
5:30 of 3rd period - Penalty to Viktor Loov is over, Viktor Loov is back on ice.
5:38 of 3rd period - Snap shot by Marek Zagrapan.
5:38 of 3rd period - Shot Misses the Net.
6:32 of 3rd period - Snap shot by Marek Zagrapan.
6:32 of 3rd period - Shot Misses the Net.
6:34 of 3rd period - Snap shot by Danny Kristo.
6:34 of 3rd period - Goal by Danny Kristo - Staline : 4 - Inferno : 1.
6:35 of 3rd period - Vladimir Sobotka wins face-off versus Peter Holland in neutral zone.
6:40 of 3rd period - Slapshot by David Ullstrom.
6:40 of 3rd period - Stopped by Allen York with a rebound.
6:52 of 3rd period - Jeff Skinner is hit by Colby Robak and loses puck.
7:35 of 3rd period - Slapshot by Sami Vatanen.
7:35 of 3rd period - Stopped by Allen York without a rebound.
7:36 of 3rd period - Anders Lee wins face-off versus David Desharnais in Staline zone.
7:37 of 3rd period - Snap shot by Esa Lindell.
7:37 of 3rd period - Shot Misses the Net.
7:51 of 3rd period - Snap shot by David Desharnais.
7:51 of 3rd period - Stopped by Michael Hutchinson with a rebound.
8:10 of 3rd period - Snap shot by Danny Kristo.
8:10 of 3rd period - Deflect By Bryan Bickell.
8:10 of 3rd period - Goal by Bryan Bickell - Staline : 5 - Inferno : 1.
8:11 of 3rd period - Cal O'Reilly wins face-off versus David Desharnais in neutral zone.
8:13 of 3rd period - Minor Penalty to Cal O'Reilly for Holding Stick.
8:14 of 3rd period - Peter Holland wins face-off versus Vladimir Sobotka in Inferno zone.
8:28 of 3rd period - Slapshot by Dustin Kohn.
8:28 of 3rd period - Shot Blocked by Sami Vatanen.
8:30 of 3rd period - Wrist shot by Stu Bickel.
8:30 of 3rd period - Deflect By Jeff Skinner.
8:30 of 3rd period - Stopped by Michael Hutchinson without a rebound.
8:31 of 3rd period - Vladimir Sobotka wins face-off versus Peter Holland in Inferno zone.
9:09 of 3rd period - Snap shot by Anders Lee.
9:09 of 3rd period - Stopped by Allen York without a rebound.
9:10 of 3rd period - Anders Lee wins face-off versus Peter Holland in Staline zone.
9:37 of 3rd period - David Savard is hit by Stu Bickel and loses puck.
10:13 of 3rd period - Penalty to Cal O'Reilly is over, Cal O'Reilly is back on ice.
10:43 of 3rd period - Snap shot by Philip Larsen.
10:43 of 3rd period - Stopped by Michael Hutchinson without a rebound.
10:44 of 3rd period - Anders Lee wins face-off versus Corey Trivino in Inferno zone.
10:44 of 3rd period - Anders Lee is hit by Jiri Sekac.
11:12 of 3rd period - Snap shot by Tyler Pitlick.
11:12 of 3rd period - Deflect By Jeff Skinner.
11:12 of 3rd period - Stopped by Michael Hutchinson without a rebound.
11:13 of 3rd period - Peter Holland wins face-off versus Vladimir Sobotka in Inferno zone.
11:28 of 3rd period - Wrist shot by David Ullstrom.
11:28 of 3rd period - Shot Blocked by Peter Holland.
12:49 of 3rd period - Slapshot by Corey Trivino.
12:49 of 3rd period - Shot Misses the Net.
13:45 of 3rd period - Wrist shot by Tyler Pitlick.
13:45 of 3rd period - Shot Misses the Net.
13:47 of 3rd period - Snap shot by Peter Holland.
13:47 of 3rd period - Stopped by Michael Hutchinson with a rebound.
13:49 of 3rd period - Wrist shot by Tyler Pitlick.
13:49 of 3rd period - Deflect By Jeff Skinner.
13:49 of 3rd period - Stopped by Michael Hutchinson with a rebound.
13:51 of 3rd period - Wrist shot by Peter Holland.
13:51 of 3rd period - Stopped by Michael Hutchinson with a rebound.
13:53 of 3rd period - Wrist shot by Tyler Pitlick.
13:53 of 3rd period - Shot Misses the Net.
14:32 of 3rd period - Icing by Marek Zagrapan.
14:33 of 3rd period - Vladimir Sobotka wins face-off versus David Desharnais in Staline zone.
14:42 of 3rd period - Snap shot by Jordan Caron.
14:42 of 3rd period - Shot Blocked by Vladimir Sobotka.
14:44 of 3rd period - Snap shot by David Desharnais.
14:44 of 3rd period - Stopped by Michael Hutchinson without a rebound.
14:45 of 3rd period - Vladimir Sobotka wins face-off versus Peter Holland in Inferno zone.
15:39 of 3rd period - Wrist shot by Cal O'Reilly.
15:39 of 3rd period - Stopped by Allen York without a rebound.
15:40 of 3rd period - Cal O'Reilly wins face-off versus Marek Zagrapan in Staline zone.
15:48 of 3rd period - Minor Penalty to David Savard for Tripping.
15:49 of 3rd period - Vladimir Sobotka wins face-off versus Peter Holland in Inferno zone.
15:57 of 3rd period - Wrist shot by Dustin Kohn.
15:57 of 3rd period - Stopped by Michael Hutchinson with a rebound.
15:59 of 3rd period - Slapshot by Stu Bickel.
15:59 of 3rd period - Shot Misses the Net.
16:01 of 3rd period - Snap shot by Peter Holland.
16:01 of 3rd period - Deflect By Jeff Skinner.
16:01 of 3rd period - Shot Misses the Net.
16:01 of 3rd period - Puck is out of play.
16:02 of 3rd period - Vladimir Sobotka wins face-off versus Peter Holland in Inferno zone.
17:19 of 3rd period - Simon Danis-Pepin is hit by Jeff Skinner and loses puck.
17:48 of 3rd period - Penalty to David Savard is over, David Savard is back on ice.
17:55 of 3rd period - David Savard is hit by Brandon Burlon and loses puck.
18:20 of 3rd period - Colby Robak is hit by Barclay Goodrow and loses puck.
18:53 of 3rd period - Slapshot by Christian Folin.
18:53 of 3rd period - Deflect By Matthew Nieto.
18:53 of 3rd period - Shot Misses the Net.
18:53 of 3rd period - Puck is out of play.
18:54 of 3rd period - Corey Trivino wins face-off versus Victor Rask in Staline zone.
19:09 of 3rd period - Wrist shot by Jiri Sekac.
19:09 of 3rd period - Shot Blocked by David Savard.
19:17 of 3rd period - Snap shot by Matthew Nieto.
19:17 of 3rd period - Shot Misses the Net.
19:19 of 3rd period - Slapshot by Christian Folin.
19:19 of 3rd period - Deflect By Matthew Nieto.
19:19 of 3rd period - Stopped by Allen York with a rebound.
19:21 of 3rd period - Snap shot by David Savard.
19:21 of 3rd period - Deflect By Matthew Nieto.
19:21 of 3rd period - Stopped by Allen York with a rebound.
19:23 of 3rd period - Snap shot by Ryan Spooner.
19:23 of 3rd period - Stopped by Allen York with a rebound.
19:25 of 3rd period - Backhand shot by Victor Rask.
19:25 of 3rd period - Shot Misses the Net.
19:49 of 3rd period - David Savard is hit by Bryan Bickell and loses puck.
Goals for this period are 2 for Staline vs 0 for Inferno.
Shots for this period are 13 for Staline vs 7 for Inferno.
Back to the Top